 Dungeon Crawl Stone Soup version 0.28-a0-1389-gc726bef33b (webtiles) character file.

Game seed: 3791689893426808353

35 bearlyready the Slasher (level 3, -2/29 HPs)
             Began as a Minotaur Venom Mage on Jan 3, 2022.
             Slain by a gnoll (5 damage)
             ... on level 2 of the Dungeon.
             The game lasted 00:01:27 (1012 turns).

bearlyready the Slasher (Minotaur Venom Mage)       Turns: 1012, Time: 00:01:27

Health: -2/29      AC:  5    Str: 14    XL:     3   Next: 17%
Magic:  3/4        EV: 10    Int: 12    God:
Gold:   55         SH:  0    Dex: 10    Spells: 3/4 levels left

rFire   . . .      SeeInvis .   f - +0 falchion
rCold   . . .      Faith    .   (no shield)
rNeg    . . .      Spirit   .   c - +0 ring mail
rPois   .          Reflect  .   (helmet restricted)
rElec   .          Harm     .   (no cloak)
rCorr   .          Rampage  .   (no gloves)
Will    .....                   (no boots)
Stlth   +.........              (no amulet)
HPRegen 0.09/turn               (no ring)
MPRegen 0.09/turn               (no ring)

@: no status effects
A: horns 2, retaliatory headbutt
a: no special abilities


You were on level 2 of the Dungeon.
You visited 1 branch of the dungeon, and saw 2 of its levels.

You collected 55 gold pieces.

Inventory:

Hand Weapons
 f - a +0 falchion (weapon)
Missiles
 d - 21 stones
 g - 24 sling bullets
Armour
 a - a +0 robe
 c - a +0 ring mail (worn)
Scrolls
 b - 3 scrolls of identify {unknown}
Potions
 e - a potion of cancellation {unknown}
 h - a potion of brilliance {unknown}
 i - a potion of curing {unknown}


   Skills:
 - Level 1.9 Fighting
 + Level 2.8 Long Blades
 - Level 2.1 Dodging
 - Level 1.5 Stealth
 - Level 1.3 Spellcasting
 - Level 0.7 Transmutations
 - Level 2.1 Poison Magic


You had 3 spell levels left.
You knew the following spells:

 Your Spells              Type           Power      Damage    Failure   Level
a - Sting                 Tmut/Pois      16%        1d3       32%         1

Your spell library contained the following spells:

 Spells                   Type           Power      Damage    Failure   Level
 Poisonous Vapours        Pois/Air       6%         N/A       50%         2
 Mephitic Cloud           Conj/Pois/Air  2%         N/A       80%         3
 Olgreb's Toxic Radiance  Pois           6%         N/A       94%         4


Dungeon Overview and Level Annotations

Branches:
Dungeon (2/15)

Altars:

Annotations:
D:2 Sigmund


Innate Abilities, Weirdness & Mutations

You have a pair of horns on your head.
You reflexively headbutt those who attack you in melee.


Message History

You destroy the adder skeleton!
The bat hits you.
Things that are here:
a +0 spear; a gnoll corpse You closely miss the bat.
The bat hits you but does no damage. The bat barely misses you.
You furiously retaliate!
You headbutt the bat!
You kill the bat!
A gnoll comes into view. It is wielding a +0 mace.
A gnoll is nearby!
A gnoll is nearby!
You are too injured to fight recklessly!
There is a stone staircase leading up here.
You climb upwards.
There is a stone staircase leading down here.
You start resting.
Magic restored.
You climb downwards.
The gnoll misses you.
There is a stone staircase leading up here.
Aiming: Sting (safe; 32% risk of failure)
Press: ? - help, Q - select action, (/) - cycle Shift-Dir - straight line, f - gnoll
Aim: a gnoll, wielding a +0 mace (69% to hit)
The sting hits the gnoll but does no damage.
The gnoll is poisoned.
The gnoll hits you with a +0 mace.
You hit the gnoll.
The gnoll is moderately wounded.
The gnoll hits you with a +0 mace!
* * * LOW HITPOINT WARNING * * *
You hit the gnoll.
The gnoll is moderately wounded.
The gnoll hits you with a +0 mace.
* * * LOW HITPOINT WARNING * * *
Things that are here:
a +0 spear; a gnoll corpse A gnoll and Sigmund come into view.
Found a club.
Sigmund shouts!
The gnoll shouts!
The gnoll looks more healthy.
The gnoll hits you from afar with a +0 spear.
You die...

## ... .#..
..8.8
......#########
.......<..g.@.#
..###.#######.#
# g.. .....
P).#.# .P.# #
#..@ .##.


You could see Sigmund and 2 gnolls.

Vanquished Creatures
  A gnoll (D:2)
  An adder skeleton (D:2)
  A dart slug (D:1)
  A ball python (D:1)
  2 bats
  3 endoplasms (D:1)
  2 hobgoblins (D:1)
  2 quokkas (D:1)
  A frilled lizard (D:1)
  2 goblins (D:1)
  4 rats (D:1)
20 creatures vanquished.

Vanquished Creatures (others)
  A withered plant (D:2)
1 creature vanquished.

Grand Total: 21 creatures vanquished

Notes
Turn   | Place    | Note
-------+----------+-------------------------------------------
     0 | D:1      | bearlyready the Minotaur Venom Mage began the quest for the
                  | Orb.
     0 | D:1      | Reached XP level 1. HP: 14/14 MP: 1/1
    53 | D:1      | Reached skill level 1 in Fighting
   451 | D:1      | Reached XP level 2. HP: 24/24 MP: 3/3
   483 | D:1      | Reached skill level 1 in Long Blades
   974 | D:2      | Reached XP level 3. HP: 22/29 MP: 1/4
  1012 | D:2      | Noticed Sigmund
  1012 | D:2      | Slain by a gnoll

Illustrated notes

Levels and vault maps discovered:
D:1:      evilmike_arrival_plus, layout_rooms,
          hangedman_abyss_or_decor_lesser_grid, minmay_misc_feat_more_columns,
          minmay_misc_feat_columns, minmay_tetromino_l2
D:2:      layout_loops_ring, serial_undead, serial_undead_c, serial_undead_b,
          serial_undead_b, serial_undead_e, serial_undead_e, serial_undead_d,
          minmay_misc_feat_alley, solitary_fountain, minivault_5,
          grunt_ministairs_12, amethyst_killhole, uniq_sigmund

Skill      XL: |  1  2 |
---------------+-------+-----
Fighting       | 1 |  1.9
Long Blades    | 2 |  2.8
Dodging        | |  2.1
Stealth        | |  1.5
Spellcasting   | |  1.3
Transmutations | |  0.7
Poison Magic   | |  2.1

Action                   || total
-------------------------++-------
Melee: Unarmed           ||    13
       Headbutt          ||     6
       Falchion          ||    35
 Cast: Sting             ||     5
 Stab: Sleeping          ||     1
Armor: Ring mail         ||    17
Dodge: Dodged            ||    30

Table legend: (Time is in decaauts)
 A = Elapsed time spent in this place.
 B = Non-inter-level travel time spent in this place.
 C = Inter-level travel time spent in this place.
 D = Time resting spent in this place.
 E = Time spent auto-exploring this place.
 F = Levels seen in this place.
 G = Mean time per level.
                   A        B        C        D        E       F      G
               +--------+--------+--------+--------+--------+-----+--------+
         Total |   1020 |   1014 |      6 |     13 |    831 |   2 |  510.0 |
       Dungeon |   1020 |   1014 |      6 |     13 |    831 |   2 |  510.0 |
               +--------+--------+--------+--------+--------+-----+--------+

Top non-repeatable levels by time:
     D:1: 989 daAuts
     D:2: 30 daAuts
